 Seeded DCSS version 0.30-a0-219-gf2db51d15e (webtiles) character file.

Game seed: 3736021085809959607 (custom seed)

11881 purpskrrrp the Basher (level 11, -3/89 HPs)
             Began as a Minotaur Fighter on Oct 6, 2022.
             Was a High Priest of Kikubaaqudgha.
             Slain by Snorg (6 damage)
             ... on level 11 of the Dungeon on Oct 7, 2022.
             The game lasted 00:24:58 (11098 turns).

purpskrrrp the Basher (Minotaur Fighter)           Turns: 11098, Time: 00:24:58

Health: -3/89      AC: 26    Str: 33    XL:     11   Next: 55%
Magic:  10/10      EV:  6    Int:  4    God:    Kikubaaqudgha [*****.]
Gold:   2894       SH: 19    Dex:  8    Spells: 10/10 levels left

rFire   . . .      SeeInvis +    U - +7 eveningstar of a ziggurat {elec, *Slow rElec rC++}
rCold   + . .      Faith    .    w - +0 tower shield
rNeg    . . .      Spirit   .    g - +4 storm dragon scales "Seih" {rElec rC- SInv Stlth+}
rPois   +          Reflect  +    (helmet restricted)
rElec   +          Harm     .    n - +0 cloak
rCorr   .          Rampage  .    X - +0 pair of gloves {Str+3}
Will    .....                    G - +0 pair of boots
Stlth   ..........               e - amulet of reflection
HPRegen 0.34/turn                J - +4 ring of slaying
MPRegen 0.12/turn                x - +4 ring of protection

@: studying Maces & Flails
A: horns 2, retaliatory headbutt, frail 1, poison resistance, strong 1
a: Renounce Religion, Unearth Wretches, Torment


You were on level 11 of the Dungeon.
You worshipped Kikubaaqudgha.
Kikubaaqudgha was extremely pleased with you.
You visited 1 branch of the dungeon, and saw 13 of its levels.
You also visited: Sewer and Bailey.

You collected 2894 gold pieces.

Inventory:

Hand Weapons
 a - a +0 flail
 L - the +10 morningstar "Eos" {elec, Halo rElec}
   (You took it off an orc on level 7 of the Dungeon)

   It occasionally discharges a powerful burst of electricity upon striking a
   foe.
   It grants its wielder a halo, revealing invisible creatures and increasing
   accuracy against all within it other than the wielder.
   rElec:     It insulates you from electricity.
 U - the +7 eveningstar of a ziggurat (weapon) {elec, *Slow rElec rC++}
   (You acquired it in a bailey)

   It occasionally discharges a powerful burst of electricity upon striking a
   foe.
   rC:        It greatly protects you from cold.
   rElec:     It insulates you from electricity.
   *Slow:     It may slow you when you take damage.
Missiles
 F - 2 throwing nets (quivered)
Armour
 b - a +0 scale mail
 c - a +0 buckler
 g - the +4 storm dragon scales "Seih" (worn) {rElec rC- SInv Stlth+}
   (You found it on level 10 of the Dungeon)

   rC:        It makes you vulnerable to cold.
   rElec:     It insulates you from electricity.
   SInv:      It lets you see invisible.
   Stlth:     It makes you more stealthy.
 n - a +0 cloak (worn)
 w - a +0 tower shield (worn)
 D - a +2 scale mail of willpower
 G - a +0 pair of boots (worn)
 X - a +0 pair of gloves of strength (worn)
Jewellery
 e - an amulet of reflection (around neck)
 q - a ring of resist corrosion
 x - a +4 ring of protection (right hand)
 H - an amulet of regeneration
 J - a +4 ring of slaying (left hand)
 P - a ring of poison resistance
 S - a +6 ring of dexterity
 V - a ring of wizardry
 W - a +4 ring of protection
Wands
 f - a wand of polymorph (10)
 u - a wand of flame (8)
 I - a wand of iceblast (13)
 Q - a wand of paralysis (10)
Scrolls
 i - a scroll of immolation
 m - 3 scrolls of vulnerability
 o - a scroll of torment
 p - 5 scrolls of noise
 r - 5 scrolls of butterflies
 v - a scroll of enchant weapon
 y - 4 scrolls of teleportation
 z - a scroll of brand weapon {unknown}
 C - 2 scrolls of blinking {unknown}
 K - a scroll of magic mapping {unknown}
 O - a scroll of fear {unknown}
 R - 3 scrolls of poison {unknown}
 T - a scroll of enchant armour {unknown}
 Z - a scroll of identify
Potions
 d - a potion of might
 h - 3 potions of attraction
 j - 6 potions of curing
 k - 2 potions of lignification
 l - 2 potions of berserk rage
 s - 3 potions of degeneration
 t - 6 potions of flight
 A - a potion of magic
 B - 3 potions of heal wounds
 E - a potion of resistance
 M - a potion of haste
 N - a potion of mutation
 Y - a potion of cancellation


   Skills:
 + Level 10.1 Fighting
 * Level 13.7 Maces & Flails
 + Level 10.1 Armour
 + Level 10.2 Shields
 * Level 4.4 Necromancy


You had 10 spell levels left.
You didn't know any spells.
Your spell library contained the following spells:

 Spells                   Type           Power      Damage    Failure   Level
 Necrotise                Necr           12%        1d4       89%         1
 Sublimation of Blood     Necr           3%         N/A       96%         2
 Vampiric Draining        Necr           3%         2d6       99%         3
 Beastly Appendage        Tmut           0%         N/A       100%        1
 Cigotuvi's Dreadful Rot  Necr/Pois/Air  2%         N/A       100%        2
 Wereblood                Tmut           0%         N/A       100%        2
 Kindle Blastsparks       Fire/Tloc/Air  0%         2d10      100%        3
 Spider Form              Tmut/Pois      0%         N/A       100%        3
 Airstrike                Air            0%         2d(0-16)  100%        4
 Dispel Undead            Necr           3%         3d7       100%        4
 Fulminant Prism          Conj/Hex       0%         3d6       100%        4
 Iskenderun's Mystic Bla  Conj/Tloc      0%         2d3       100%        4
 Summon Lightning Spire   Summ/Air       0%         N/A       100%        4
 Agony                    Necr           3%         N/A       100%        5
 Borgnjor's Vile Clutch   Necr/Erth      0%         N/A       100%        5
 Lee's Rapid Deconstruct  Erth           0%         3d5*      100%        5
 Lightning Bolt           Conj/Air       0%         1d11      100%        5
 Death Channel            Necr           1%         N/A       100%        6
 Simulacrum               Ice/Necr       0%         N/A       100%        6


Dungeon Overview and Level Annotations

Branches:
Dungeon (13/15)            Temple (0/1) D:7            Lair (0/5) D:11
  Sewer (visited)          Bailey (visited)
    Orc: D:9-12      Vaults: D:13-14

Altars:
Ashenzari
Cheibriados
Dithmenos
Gozag
Kikubaaqudgha
Makhleb
Qazlal
Ru
Uskayaw
Wu Jian
Xom
Yredelemnul
The Shining One

Shops:
D:6 [   D:8 [

Portals:
Trove: D:13 (show slimy rune of Zot)

Annotations:
D:3 1 runed translucent door, ytrimaz's ghost, amateur FoFi
D:4 Eustachio
D:10 exclusion: orange crystal statue
D:11 Snorg


Innate Abilities, Weirdness & Mutations

You have a pair of horns on your head.
You reflexively headbutt those who attack you in melee.
You are frail. (-10% HP)
Your system is resistant to poisons. (rPois)
Your muscles are strong. (Str +4, Int/Dex -1)


Message History

The yak gores you but does no damage. x2
You barely miss Snorg. Your headbutt misses Snorg.
Snorg is heavily wounded.
A nearby fungus withers and dies.
Snorg bites you but does no damage. Snorg claws you but does no damage.
Snorg barely misses you.
The kobold demonologist barely misses you.
The yak gores you. The yak gores you but does no damage.
Snorg barely misses you. x2; Snorg closely misses you.
You bludgeon the kobold demonologist!!
Lightning courses through the kobold demonologist!
You headbutt the kobold demonologist.
The kobold demonologist is almost dead.
You block Snorg's attack. Snorg claws you but does no damage. Snorg claws you!
The kobold demonologist looks satisfied for a moment.
You block the yak's attack. x2; Snorg bites you but does no damage.
Snorg claws you but does no damage. x2
You bludgeon the kobold demonologist!!
You kill the kobold demonologist!
Kikubaaqudgha accepts your kill. You block the yak's attack. The yak gores you.
You block Snorg's attack. Snorg claws you but does no damage.
You block Snorg's attack. The yak barely misses you.
You block the yak's attack. x2
You closely miss Snorg.
Snorg is heavily wounded.
Snorg bites you but does no damage. Snorg claws you but does no damage.
Snorg claws you! Snorg barely misses you. You furiously retaliate!
You headbutt Snorg.
You block Snorg's attack. x2; You block the yak's attack.
The yak gores you but does no damage. x2
You bludgeon Snorg!! You headbutt Snorg!
Snorg is severely wounded.
Snorg barely misses you. Snorg claws you but does no damage. Snorg claws you!
* * * LOW HITPOINT WARNING * * *
The yak gores you!
* * * LOW HITPOINT WARNING * * *
The yak gores you but does no damage. You block the yak's attack.
Snorg attacks as you move away! Snorg bites you!
* * * LOW HITPOINT WARNING * * *
Snorg claws you.
You die...
Kikubaaqudgha rasps: "You have failed me!
Welcome... death!"

...............
P..............
..P............
...............
.P.P.P....>......
#...............^.
...P..PP..YYT......
......PP..P@Y......
#.....P....P....PP
#...P.........P...
#...P..PPP.PP.P.P.
##............(...#
.........^.P......#
...........#####..#
##........##### ..#
#............. ..


You could see Snorg (berserk) and 3 yaks.

Vanquished Creatures
  A boulder beetle (D:13)
  3 two-headed ogres
  Joseph (D:7)
  A kobold demonologist (D:11)
  An unseen horror (D:7)
  2 trolls
  A hornet (D:9)
  8 yaks
  3 wyverns
  A shadow (D:10)
  3 vampires
  A wraith (D:11)
  Grum (D:9)
  3 steam dragons
  4 water moccasins
  2 sky beasts (D:7)
  9 orc warriors
  4 black bears
  3 centaurs
  3 wolves (D:9)
  2 ogres
  5 kobold brigands
  Blork the orc (D:6)
  6 bullfrogs
  A necrophage (D:7)
  3 gnoll sergeants
  2 scorpions
  11 wights (D:7)
  A howler monkey (D:5)
  An iron imp (D:10)
  3 hounds
  6 jellies
  Crazy Yiuf (D:6)
  A gnoll bouda (D:8)
  6 orc priests
  2 iguanas (D:6)
  Terence (D:3)
  A hell rat (Sewer)
  2 orc wizards
  3 adders
  16 gnolls
  3 river rats (Sewer)
  2 shadow imps
  A white imp (D:6)
  2 ufetubi
  A worm (D:3)
  A dart slug (D:1)
  27 orcs
  8 endoplasms
  2 giant cockroaches
  8 hobgoblins
  2 quokkas
  4 ball pythons
  8 bats
  3 frilled lizards (D:1)
  6 goblins
  28 kobolds
  8 rats
244 creatures vanquished.

Vanquished Creatures (others)
  42 fungi (D:11)
  41 plants (D:11)
83 creatures vanquished.

Grand Total: 327 creatures vanquished

Notes
Turn   | Place    | Note
-------+----------+-------------------------------------------
     0 | D:1      | purpskrrrp the Minotaur Fighter began the quest for the
                  | Orb.
     0 | D:1      | Reached XP level 1. HP: 19/19 MP: 0/0
    54 | D:1      | Found a faded altar of an unknown god.
   333 | D:1      | Reached XP level 2. HP: 27/27 MP: 1/1
   492 | D:1      | Reached skill level 3 in Maces & Flails
   821 | D:1      | Prayed at the altar of an unknown god.
   821 | D:1      | Became a worshipper of Kikubaaqudgha
   821 | D:1      | Reached * piety under Kikubaaqudgha
   821 | D:1      | Received a gift from Kikubaaqudgha
   947 | D:2      | Reached XP level 3. HP: 32/33 MP: 2/2
  1967 | D:3      | Noticed Terence
  1968 | D:3      | Found a runed translucent door.
  1976 | D:3      | Killed Terence
  1977 | D:3      | Reached skill level 4 in Maces & Flails
  1977 | D:3      | Reached XP level 4. HP: 13/40 MP: 3/3
  2081 | D:3      | Noticed ytrimaz's ghost (amateur FoFi)
  2165 | D:3      | Reached ** piety under Kikubaaqudgha
  2608 | D:4      | Reached XP level 5. HP: 43/47 MP: 4/4
  2665 | D:4      | Found a glowing drain.
  2681 | Sewer    | Entered a sewer
  2822 | D:4      | Reached skill level 5 in Maces & Flails
  2976 | D:4      | Identified the +7 hand axe of the Middle {vorpal, rC+}
  2979 | D:4      | Noticed Eustachio
  3049 | D:4      | HP: 3/70 [river rat[Eustachio] (6)]
  3054 | D:4      | HP: 2/70 [river rat[Eustachio] (3)]
  3077 | D:4      | Reached skill level 5 in Shields
  3077 | D:4      | Reached XP level 6. HP: 35/55 MP: 5/5
  3088 | D:5      | Entered Level 5 of the Dungeon
  3160 | D:5      | Reached skill level 5 in Fighting
  3160 | D:5      | Reached skill level 5 in Armour
  3225 | D:5      | Found a basalt altar of Yredelemnul.
  3227 | D:5      | Noticed a profane servitor
  3275 | D:5      | Identified the +6 quarterstaff of Narrow Action {drain,
                  | *Corrode Will+ Str+2 Int+3}
  3432 | D:5      | Found a sacrificial altar of Ru.
  3498 | D:5      | Reached skill level 6 in Maces & Flails
  3620 | D:5      | Reached XP level 7. HP: 25/61 MP: 6/6
  3843 | D:5      | Found a glowing golden altar of the Shining One.
  3845 | D:5      | Noticed an angel
  4385 | D:6      | Reached skill level 7 in Maces & Flails
  4409 | D:6      | Reached *** piety under Kikubaaqudgha
  4409 | D:6      | Received a gift from Kikubaaqudgha
  4551 | D:6      | Reached XP level 8. HP: 62/70 MP: 7/7
  4580 | D:6      | Found a runed translucent door.
  4581 | D:6      | Noticed Crazy Yiuf
  4659 | D:6      | Found Jassox's Armour Boutique.
  4660 | D:6      | Noticed Blork the orc
  4668 | D:6      | Killed Blork the orc
  4839 | D:6      | Reached skill level 8 in Maces & Flails
  5200 | D:6      | Killed Crazy Yiuf
  5330 | D:7      | Found a shimmering altar of Xom.
  5398 | D:7      | Found a burning altar of Makhleb.
  5404 | D:7      | Reached skill level 9 in Maces & Flails
  5713 | D:7      | Reached XP level 9. HP: 70/79 MP: 8/8
  5786 | D:7      | Noticed Joseph
  5796 | D:7      | Killed Joseph
  5797 | D:7      | Reached skill level 10 in Maces & Flails
  6048 | D:7      | Noticed an unseen horror
  6053 | D:7      | Killed an unseen horror
  6099 | D:7      | Reached skill level 11 in Maces & Flails
  6105 | D:7      | Reached **** piety under Kikubaaqudgha
  6179 | D:7      | Reached XP level 10. HP: 57/90 MP: 9/9
  6549 | D:7      | Found a staircase to the Ecumenical Temple.
  6930 | D:8      | Found a shadowy altar of Dithmenos.
  7124 | D:8      | Found Xefixkei's Antique Armour Shop.
  7155 | D:8      | Found a broken altar of Ashenzari.
  7192 | D:8      | Reached skill level 1 in Necromancy
  7644 | D:8      | Found a hide-covered altar of Uskayaw.
  7994 | D:9      | You fall into a shaft and drop 2 floors!
  8025 | D:10     | Entered Level 10 of the Dungeon
  8057 | D:10     | Noticed a two-headed ogre
  8062 | D:10     | Killed a two-headed ogre
  8063 | D:10     | Reached skill level 12 in Maces & Flails
  8289 | D:9      | Found a flagged portal.
  8299 | Bailey   | Entered a bailey
  8301 | Bailey   | Identified 3 scrolls of acquirement
  8301 | Bailey   | Acquired 560 gold pieces
  8303 | Bailey   | Acquired the +7 eveningstar of a ziggurat {elec, *Slow
                  | rElec rC++}
  8331 | Bailey   | Reached ***** piety under Kikubaaqudgha
  8679 | Bailey   | Acquired 541 gold pieces
  8816 | D:9      | Found an ornate altar of the Wu Jian Council.
  8939 | D:9      | Noticed a two-headed ogre
  8948 | D:9      | Killed a two-headed ogre
  8949 | D:9      | Reached XP level 11. HP: 48/97 MP: 10/10
  9224 | D:9      | Found a stormy altar of Qazlal.
  9256 | D:9      | Noticed a two-headed ogre
  9259 | D:9      | Killed a two-headed ogre
  9311 | D:9      | Noticed Grum
  9318 | D:9      | Killed Grum
  9685 | D:9      | Found an ancient bone altar of Kikubaaqudgha.
  9868 | D:10     | Found an opulent altar of Gozag.
 10049 | D:10     | Reached skill level 13 in Maces & Flails
 10049 | D:10     | Acquired a manual of Maces & Flails
 10065 | D:10     | Gained mutation: Your muscles are strong. (Str +4, Int/Dex
                  | -1) [potion of mutation]
 10065 | D:10     | Gained mutation: You are frail. (-10% HP) [potion of
                  | mutation]
 10065 | D:10     | Gained mutation: Your system is resistant to poisons.
                  | (rPois) [potion of mutation]
 10068 | D:10     | Noticed an orange crystal statue
 10073 | D:10     | Identified the +4 storm dragon scales "Seih" {rElec rC-
                  | SInv Stlth+}
 10587 | D:10     | Acquired a +0 pair of gloves of strength
 10690 | D:10     | Found a snail-covered altar of Cheibriados.
 10719 | D:10     | You fall into a shaft and drop 3 floors!
 10758 | D:13     | Noticed a boulder beetle
 10775 | D:13     | Killed a boulder beetle
 10776 | D:13     | Reached skill level 10 in Shields
 10880 | D:13     | Found a portal to a secret trove of treasure.
 10910 | D:12     | Noticed a green ugly thing
 10912 | D:12     | Noticed a two-headed ogre
 10913 | D:12     | Noticed a two-headed ogre
 10992 | D:11     | Reached skill level 10 in Armour
 11066 | D:11     | Reached skill level 10 in Fighting
 11077 | D:11     | Found a staircase to the Lair.
 11081 | D:11     | Noticed Snorg
 11098 | D:11     | HP: 3/89 [Snorg (8)]
 11098 | D:11     | Slain by Snorg

Illustrated notes

Levels and vault maps discovered:
D:1:      mrwooster_arrival_statue_2, layout_loops_corners,
          basic_ecumenical_altar
D:2:      layout_basic
D:3:      layout_rooms, ebering_ghost_sewer_d, kennysheep_generic_room_10,
          uniq_terence
D:4:      layout_cave_pools, trog_butcher_becter, portal_sewer_entry_d,
          uniq_eustachio
D:5:      layout_gridville, hangedman_ru_absence, grunt_temple_overflow_holy_war
D:6:      layout_basic, kennysheep_diamond, uniq_crazy_yiuf_cottage,
          uniq_blork_the_orc
D:7:      minmay_polygon_palace, layout_loops_ring,
          mainiacjoe_overflow_surrounded_room, bloody_makhleb,
          lemuel_temple_firewalk_a, minmay_statues_item, grunt_ministairs_12,
          uniq_joseph
D:8:      layout_layer_cave, eat_drink_and_be_merry_uskayaw,
          nicolae_dithmenos_through_a_glass_darkly, lemuel_tele_altar,
          serial_shops, shop_fountains
D:9:      layout_roguey, nicolae_qazlal_eye_of_the_storm,
          pdpol_wu_jian_five_deadly_venoms, lemuel_coloured_pillars_altar,
          enter_bailey_2, uniq_grum
D:10:     layout_roguey, slow_altar_2,
          mainiacjoe_overflow_concentric_impassable, minmay_protected_statue
D:11:     layout_small_grid, due_lair_maze_entry_diamond, orc_0_dummy,
          uniq_harold, uniq_maurice, uniq_snorg
D:12:     layout_basic, grunt_ministairs_4, st_stairs_2, uniq_urug
D:13:     layout_gridville, david_vaults_5, nicolae_trove_entry_free_sample,
          roderic_nine_men_s_morris, uniq_sonja, uniq_erolcha

Skill      XL: |  1  2  3  4  5  6  7  8  9 10 11 |
---------------+----------------------------------+-----
Maces & Flails | 3 4 5 6 7 9 11 12 13 | 13.7
Fighting       | 4 5 6 7 8 9 10 | 10.1
Armour         | 4 5 6 7 8 9 10 | 10.1
Shields        | 4 5 6 7 8 9 10 | 10.2
Necromancy     | 3 4 |  4.4

Action                   |  1- 3 |  4- 6 |  7- 9 | 10-12 || total
-------------------------+-------+-------+-------+-------++-------
Melee: Flail             |    75 |   159 |   158 |       ||   392
       Headbutt          |    11 |    15 |    39 |    47 ||   112
       Morningstar       |       |       |    54 |    73 ||   127
       Eveningstar       |       |       |       |   171 ||   171
  Use: Potion            |       |     5 |       |     5 ||    10
       Scroll            |       |     3 |     1 |    18 ||    22
Armor: Scale mail        |    32 |   171 |    93 |    76 ||   372
       Skin              |       |    37 |       |       ||    37
       Storm dragon scal |       |       |       |    90 ||    90
Dodge: Dodged            |    30 |    94 |    58 |    86 ||   268
Block: Buckler           |    13 |     2 |       |       ||    15
       Tower shield      |       |   247 |   258 |   291 ||   796
       Reflection        |       |       |     8 |    22 ||    30

Table legend: (Time is in decaauts)
 A = Elapsed time spent in this place.
 B = Non-inter-level travel time spent in this place.
 C = Inter-level travel time spent in this place.
 D = Time resting spent in this place.
 E = Time spent auto-exploring this place.
 F = Levels seen in this place.
 G = Mean time per level.
                   A        B        C        D        E       F      G
               +--------+--------+--------+--------+--------+-----+--------+
         Total |  11324 |  10849 |    475 |    891 |   7802 |  15 |  754.9 |
       Dungeon |  10774 |  10299 |    475 |    891 |   7537 |  13 |  828.8 |
         Sewer |    152 |    152 |      0 |      0 |     79 |   1 |  152.0 |
        Bailey |    397 |    397 |      0 |      0 |    186 |   1 |  397.0 |
               +--------+--------+--------+--------+--------+-----+--------+

Top non-repeatable levels by time:
     D:7: 1647 daAuts
    D:10: 1204 daAuts
     D:8: 1187 daAuts
     D:5: 1131 daAuts
     D:9: 1086 daAuts
     D:6: 1058 daAuts
     D:2: 1041 daAuts
     D:1: 843 daAuts
     D:3: 703 daAuts
     D:4: 454 daAuts
  Bailey: 397 daAuts
    D:11: 201 daAuts
    D:13: 176 daAuts
   Sewer: 152 daAuts
    D:12: 36 daAuts
